 Dungeon Crawl Stone Soup version 0.29.1-2-gbd0b4ee654 (webtiles) character file.

Game seed: 15038718394362366436

33 funnyparkerb the Sneak (level 3, -1/19 HPs)
             Began as a Vine Stalker Brigand on Nov 9, 2022.
             Slain by Terence
             ... wielding a +0 short sword
              (4 damage)
             ... on level 2 of the Dungeon.
             The game lasted 00:02:19 (726 turns).

funnyparkerb the Sneak (Vine Stalker Brigand)        Turns: 726, Time: 00:02:20

Health: -1/19      AC:  5    Str: 13    XL:     3   Next: 29%
Magic:  0/4        EV:  9    Int: 11    God:
Gold:   69         SH:  0    Dex: 17    Spells: 2/2 levels left

rFire   . . .      SeeInvis .   a - +2 dagger
rCold   . . .      Faith    .   (no shield)
rNeg    . . .      Spirit   +   b - +0 robe
rPois   .          Reflect  .   (no helmet)
rElec   .          Harm     .   c - +0 cloak
rCorr   .          Rampage  .   f - +1 pair of gloves
Will    .....                   (no boots)
Stlth   +++.......              (no amulet)
HPRegen 0.06/turn               (no ring)
MPRegen 0.09/turn               (no ring)

@: constricted
A: fangs 2, magic shield, antimagic bite, no potion heal 2
a: no special abilities


You were on level 2 of the Dungeon.
You visited 1 branch of the dungeon, and saw 2 of its levels.

You collected 69 gold pieces.

Inventory:

Hand Weapons
 a - a +2 dagger (weapon)
Missiles
 d - 7 poisoned darts (quivered)
 e - a curare-tipped dart
Armour
 b - a +0 robe (worn)
 c - a +0 cloak (worn)
 f - a +1 pair of gloves (worn)
Scrolls
 g - 2 scrolls of identify {unknown}
 k - a scroll of magic mapping {unknown}
 l - 3 scrolls of noise {unknown}
 m - a scroll of silence {unknown}
Potions
 h - 2 potions of haste {unknown}
 i - a potion of curing {unknown}
 j - a potion of degeneration {unknown}


   Skills:
 * Level 2.4 Fighting
 + Level 2.1 Short Blades
 - Level 1.7 Throwing
 * Level 1.6 Dodging
 - Level 4.8 Stealth


You had 2 spell levels left.
You didn't know any spells.
Your spell library contained the following spells:

 Spells                   Type           Power      Damage    Failure   Level
 Blink                    Tloc           0%         N/A       47%         2
 Manifold Assault         Tloc           0%         N/A       100%        5
 Storm Form               Tmut/Air       0%         N/A       100%        7


Dungeon Overview and Level Annotations

Branches:
Dungeon (2/15)

Altars:

Annotations:
D:2 Terence


Innate Abilities, Weirdness & Mutations

You have extremely sharp teeth.
When hurt, damage is shared between your health and your magic reserves.
Your bite disrupts and absorbs the magic of your enemies.
Potions cannot restore your health.


Message History

You throw a curare-tipped dart. The curare-tipped dart hits Terence.
Terence is poisoned.
Terence convulses.
Terence seems to slow down.
Terence is moderately wounded.
Terence closely misses you.
You hit Terence but do no damage. You bite Terence, but do no damage.
Terence is moderately wounded.
You hit Terence but do no damage.
Terence is moderately wounded.
Terence hits you with a +0 short sword.
You hit Terence but do no damage. You bite Terence, but do no damage.
Terence is moderately wounded.
Terence hits you with a +0 short sword.
You hit Terence but do no damage. You bite Terence, but do no damage.
Terence is heavily wounded.
You hit Terence but do no damage.
Terence is heavily wounded.
The ball python bites you. The ball python barely misses you.
Terence barely misses you.
You barely miss Terence. Your bite misses Terence.
Terence is severely wounded.
The ball python closely misses you. The ball python grabs you.
The ball python constricts you. Terence hits you with a +0 short sword.
The ball python barely misses you. The ball python constricts you.
You hit Terence but do no damage. Your bite misses Terence.
Terence is severely wounded.
The ball python bites you but does no damage.
The ball python constricts you.
You hit Terence but do no damage. You bite Terence, but do no damage.
Terence is severely wounded.
Terence hits you with a +0 short sword.
* * * LOW HITPOINT WARNING * * *
The ball python completely misses you. The ball python constricts you.
You hit Terence but do no damage.
Terence is almost dead.
The ball python misses you. The ball python constricts you.
* * * LOW HITPOINT WARNING * * *
Terence screams, "I'm going to kill you!"
Terence hits you with a +0 short sword.
You die...

### ....... ...
....S.. .. .......
.. ....... ###.
....... #.. .......
#.# .......#####.#
.(.....@@....#
.......S...<.####..
####..#.##.........
#....#.##..#####.#
#.#. #.##..# # ##
#.##..# #.##.†#
#.##..# #..#


You could see Terence (poisoned, slow) and a ball python.

Vanquished Creatures
  3 dart slugs
  A ball python (D:1)
  3 endoplasms (D:1)
  A giant cockroach (D:1)
  3 goblins (D:1)
  A hobgoblin (D:1)
  A jackal (D:1)
  3 kobolds (D:1)
  2 quokkas (D:1)
  3 bats (D:1)
  2 frilled lizards (D:1)
  A rat (D:2)
24 creatures vanquished.

Notes
Turn   | Place    | Note
-------+----------+-------------------------------------------
     0 | D:1      | funnyparkerb the Vine Stalker Brigand began the quest for
                  | the Orb.
     0 | D:1      | Reached XP level 1. HP: 11/11 MP: 2/2
    52 | D:1      | Reached skill level 1 in Dodging
    93 | D:1      | Reached XP level 2. HP: 11/15 MP: 3/3
   349 | D:1      | Reached XP level 3. HP: 19/19 MP: 4/4
   558 | D:1      | Found a faded altar of an unknown god.
   695 | D:2      | Noticed Terence
   726 | D:2      | Slain by Terence

Illustrated notes

Levels and vault maps discovered:
D:1:      dpeg_chamrin_arrival_tetris, layout_rooms,
          shapermc_ecumenical_altar_petra, minmay_hexomino_c4
D:2:      layout_basic, uniq_terence, uniq_jessica

Skill      XL: |  1  2 |
---------------+-------+-----
Dodging        | 1 |  1.6
Fighting       | 2 |  2.4
Short Blades   | 2 |  2.1
Throwing       | |  1.7
Stealth        | |  4.8

Action                   || total
-------------------------++-------
Melee: Dagger            ||    54
       Bite              ||    15
Throw: Dart              ||    18
 Stab: Sleeping          ||     2
Armor: Robe              ||    15
Dodge: Dodged            ||    34
